Map: Frozen Temple

Players

SortOf

  • Race: Zerg Zerg
  • League: Platinum

ShoWTimE - Winner!

  • Race: Protoss Protoss
  • League: Grandmaster

Event: DreamHack Open Tours WCS Spring Championship

VOD

Have the link to the VOD?

Description

Time

  • Played on: May 14, 2016, 11:01 a.m.
  • Length: 10:07

All games in this series

Show
View Real Time Build Order
Export as new Build Order

SortOf Zerg 

Build Orders: Hatch First 

Get SALT Encoding   

  12  0:00  Drone  
  13  0:12  Overlord  
  13  0:17  Drone  
  14  0:31  Drone x2  
  16  0:48  Hatchery  
  15  0:53  Drone  
  15  0:57  Drone  
  17  0:59  Drone  
  17  1:02  Extractor  
  17  1:08  Drone  
  18  1:18  Spawning Pool  
  17  1:21  Drone  
  18  1:28  Drone  
  19  1:39  Overlord  
  19  1:49  Drone  
  20  1:59  Drone  
  20  2:00  Drone  
  22  2:03  Hatchery  
  21  2:10  Metabolic Boost  
  21  2:12  Zergling x2  
  21  2:15  Zergling x2  
  24  2:22  Drone  
  24  2:26  Queen  
  26  2:30  Drone  
  26  2:35  Drone  
  28  2:37  Zergling x2  
  28  2:41  Queen  
  31  2:46  Overlord  
  31  2:49  Zergling x2  
  30  3:03  Queen  
  30  3:05  Drone x3  
  33  3:07  Zergling x2  
  34  3:16  Drone x2  
  36  3:22  Zergling x2  
  37  3:32  Zergling x6  
  37  3:34  Drone x3  
  40  3:37  Pneumatized Carapace  
  41  3:42  Evolution Chamber  
  41  3:43  Drone  
  41  3:46  Drone  
  41  3:47  Zergling x2  
  43  3:53  Overlord  
  43  3:54  Drone  
  44  3:56  Drone  
  44  3:58  Drone  
  44  4:00  Drone  
  47  4:05  Baneling Nest, Drone  
  47  4:10  Overlord  
  47  4:11  Drone  
  47  4:14  Drone  
  49  4:20  Zerg Melee Weapons Level 1  
  49  4:21  Overlord  
  49  4:22  Drone  
  50  4:25  Drone  
  50  4:26  Drone  
  50  4:28  Drone  
  50  4:30  Extractor  
  52  4:33  Queen  
  54  4:43  Zergling x10  
  59  4:46  Zergling x4  
  59  4:49  Baneling x3  
  59  4:52  Zergling x6  
  64  4:55  Baneling  
  64  4:57  Zergling x2  
  65  5:03  Zergling x6  
  65  5:07  Queen  
  65  5:10  Zergling x2  
  65  5:23  Queen  
  65  5:25  Queen  
  65  5:31  Zergling x2  
  66  5:38  Overlord  
  66  5:49  Overlord  
  66  5:54  Baneling x5  
  66  5:56  Queen  
  68  6:01  Zergling x12  
  74  6:05  Overlord  
  74  6:08  Overlord  
  74  6:13  Overlord, Zergling x2  
  74  6:14  Zergling x2  
  74  6:17  Baneling x3  
  77  6:18  Zergling x2  
  77  6:21  Zergling x2  
  77  6:22  Zergling x2  
  77  6:23  Zergling x2  
  80  6:29  Zergling x6  
  80  6:31  Baneling  
  80  6:32  Zergling x2  
  83  6:41  Zergling x2  
  83  6:46  Zergling x8  
  80  6:47  Zergling x6  
  73  6:55  Zergling x4  
  71  7:04  Zergling x2  
  71  7:07  Queen, Zergling x4  
  71  7:08  Queen  
  72  7:10  Zergling x2  
  62  7:18  Drone x2  
  62  7:24  Drone  
  62  7:28  Drone  
  60  7:31  Drone x2  
  60  7:34  Queen  
  61  7:39  Drone  
  61  7:40  Drone  
  61  7:49  Drone  
  61  7:50  Queen  
  64  7:52  Queen  
  64  7:54  Spore Crawler  
  64  7:55  Zergling x8  
  68  7:59  Zergling x2  
  68  8:00  Zergling x4  
  68  8:05  Zergling x2  
  69  8:07  Baneling  
  69  8:08  Baneling x3  
  69  8:10  Queen, Zergling x2  
  69  8:11  Zergling x4  
  74  8:17  Zergling x8  
  78  8:23  Zergling x2  
  78  8:24  Zergling x6  
  82  8:31  Overlord  
  82  8:34  Zergling x4  
  82  8:35  Zergling x4  
  86  8:42  Baneling  
  86  8:43  Baneling x7  
  86  8:44  Baneling  
  86  9:03  Zergling x2  
  86  9:04  Zergling x6  
  86  9:05  Overlord  
  84  9:10  Baneling x5  
  84  9:11  Overlord  
  84  9:16  Overlord  
  84  9:17  Baneling x2  
  84  9:18  Baneling x6  
  84  9:19  Overlord  
  84  9:23  Queen  
  86  9:31  Baneling x7  
  86  9:33  Zergling x2  
  86  9:34  Zergling x8  
  89  9:45  Zergling x2  
Show
View Real Time Build Order
Export as new Build Order

ShoWTimE Protoss - Winner!

Build Orders: 1 Gate Expand, Phoenix Opening 

Get SALT Encoding   

  12  0:00  Probe (Chrono Boost)  
  13  0:11  Probe (Chrono Boost)  
  14  0:18  Pylon  
  14  0:22  Probe (Chrono Boost)  
  15  0:36  Probe (Chrono Boost)  
  15  0:38  Gateway  
  16  0:43  Assimilator  
  16  0:47  Probe (Chrono Boost)  
  17  0:57  Probe (Chrono Boost)  
  18  1:08  Probe (Chrono Boost)  
  19  1:14  Gateway  
  19  1:25  Cybernetics Core  
  19  1:42  Nexus  
  19  1:50  Pylon  
  19  2:03  Adept (Chrono Boost)  
  19  2:05  Warp Gate, Adept (Chrono Boost)  
  23  2:08  Probe  
  23  2:13  Assimilator  
  24  2:20  Probe  
  25  2:32  Probe, Adept x2 (Chrono Boost)  
  30  2:45  Probe  
  31  2:57  Probe  
  31  2:58  Adept (Chrono Boost)  
  34  3:00  Adept (Chrono Boost)  
  36  3:10  Probe x2  
  36  3:12  Stargate  
  38  3:20  Pylon  
  38  3:22  Probe x2  
  41  3:34  Probe (Chrono Boost)  
  41  3:35  Mothership Core (Chrono Boost)  
  41  3:41  Pylon  
  43  3:45  Probe (Chrono Boost)  
  44  3:52  Probe (Chrono Boost)  
  44  3:54  Pylon  
  44  3:55  Probe (Chrono Boost), Phoenix (Chrono Boost)  
  46  4:02  Probe  
  48  4:07  Probe  
  48  4:08  Adept  
  52  4:10  Adept  
  52  4:13  Probe  
  55  4:19  Probe  
  58  4:24  Probe  
  59  4:31  Probe  
  59  4:33  Phoenix (Chrono Boost)  
  59  4:35  Probe  
  61  4:41  Nexus  
  61  4:43  Probe  
  62  4:46  Probe, Pylon  
  63  4:55  Probe  
  63  4:56  Probe, Pylon  
  65  5:07  Probe x2  
  67  5:18  Probe  
  67  5:19  Assimilator  
  67  5:20  Probe  
  67  5:23  Assimilator  
  67  5:24  Adept  
  67  5:26  Robotics Facility  
  67  5:27  Robotics Facility  
  67  5:28  Adept  
  61  5:31  Probe  
  61  5:32  Probe  
  61  5:34  Pylon  
  61  5:42  Probe  
  61  5:43  Forge  
  61  5:44  Probe  
  61  5:47  Sentry  
  61  5:49  Sentry  
  67  5:52  Probe x2  
  67  5:56  Probe  
  70  6:02  Probe, Pylon  
  70  6:03  Probe  
  71  6:06  Assimilator  
  71  6:08  Probe  
  71  6:09  Assimilator  
  73  6:11  Phoenix (Chrono Boost)  
  73  6:13  Probe  
  73  6:14  Probe  
  73  6:15  Observer (Chrono Boost)  
  73  6:16  Immortal (Chrono Boost)  
  82  6:20  Probe, Protoss Ground Weapons Level 1  
  83  6:31  Stalker x2  
  90  6:35  Immortal (Chrono Boost)  
  90  6:36  Photon Cannon  
  86  6:47  Immortal (Chrono Boost)  
  86  6:49  Mothership Core (Chrono Boost)  
  81  6:57  Zealot x2  
  75  7:11  Immortal  
  75  7:14  Probe (Chrono Boost)  
  80  7:15  Probe (Chrono Boost)  
  80  7:16  Probe (Chrono Boost)  
  80  7:18  Phoenix  
  80  7:22  Zealot  
  84  7:23  Zealot  
  84  7:25  Probe (Chrono Boost)  
  84  7:26  Probe (Chrono Boost)  
  87  7:32  Probe (Chrono Boost)  
  88  7:37  Probe (Chrono Boost)  
  88  7:39  Probe (Chrono Boost)  
  88  7:43  Phoenix  
  92  7:45  Photon Cannon  
  92  7:47  Probe (Chrono Boost)  
  92  7:48  Probe (Chrono Boost)  
  92  7:49  Probe (Chrono Boost)  
  96  7:59  Probe x2 (Chrono Boost)  
  96  8:00  Probe (Chrono Boost)  
  98  8:08  Phoenix  
  98  8:09  Pylon  
  98  8:11  Probe (Chrono Boost)  
  101  8:13  Twilight Council  
  101  8:21  Pylon  
  101  8:26  Immortal  
  101  8:28  Probe x2 (Chrono Boost)  
  101  8:29  Probe (Chrono Boost)  
  108  8:38  Probe (Chrono Boost)  
  108  8:39  Probe (Chrono Boost), Pylon  
  110  8:43  Pylon  
  110  8:44  Probe (Chrono Boost)  
  110  8:47  Gateway  
  111  8:48  Probe (Chrono Boost)  
  111  8:49  Gateway  
  111  8:52  Gateway  
  112  9:02  Photon Cannon  
  112  9:04  Sentry x2  
  116  9:20  Gateway  
  116  9:27  Stalker x2  
  120  9:42  Probe x3  
  121  9:54  Sentry x2  
  111  10:01  Stalker x2  

Tags
 
Add a new tag
Caveats
  • Supply blocks, unpowered buildings, or Contaminate may cause inaccurate times.
  • Supply counts are checked every 10 seconds.